 Dungeon Crawl Stone Soup version 0.28.0-53-g5a82cb258f (webtiles) character file.

Game seed: 8029558344309952756

8 Stomo the Skirmisher (level 2, 24/24 HPs)
             Began as a Demonspawn Monk on July 4, 2022.
             Was a Believer of Trog.
             Quit the game on level 1 of the Dungeon.
             The game lasted 00:00:26 (304 turns).

Stomo the Skirmisher (Demonspawn Monk)               Turns: 304, Time: 00:00:26

Health: 24/24      AC:  2    Str: 11    XL:     2   Next: 0%
Magic:  2/2        EV: 13    Int: 11    God:    Trog [**....]
Gold:   22         SH:  0    Dex: 15    Spells: 1/1 levels left

rFire   . . .      SeeInvis .   a - +0 mace
rCold   . . .      Faith    .   (no shield)
rNeg    . . .      Spirit   .   b - +0 robe
rPois   .          Reflect  .   (helmet restricted)
rElec   .          Harm     .   (no cloak)
rCorr   .          Rampage  .   (no gloves)
Will    .....                   (no boots)
Stlth   ++........              (no amulet)
HPRegen 0.08/turn               (no ring)
MPRegen 0.08/turn               (no ring)

@: no status effects
A: horns 1
a: Renounce Religion, Berserk, Trog's Hand


You were on level 1 of the Dungeon.
You worshipped Trog.
Trog was pleased with you.
You visited 1 branch of the dungeon, and saw 1 of its levels.

You collected 22 gold pieces.

Inventory:

Hand Weapons
 a - a +0 mace (weapon)
Armour
 b - a +0 robe (worn)
Scrolls
 c - a scroll of summoning {unknown}
 d - a scroll of identify {unknown}
Potions
 e - a potion of cancellation {unknown}


   Skills:
 + Level 3.1 Fighting
 + Level 2.8 Maces & Flails
 + Level 0.4 Armour
 + Level 2.8 Dodging
 - Level 1.7 Stealth


You had one spell level left.
You didn't know any spells.
Your spell library was empty.

Dungeon Overview and Level Annotations

Branches:
Dungeon (1/15)

Altars:
Trog


Innate Abilities, Weirdness & Mutations

You have a pair of small horns on your head.


Message History

The rat is heavily wounded.
The rat bites you but does no damage.
You hit the rat.
You kill the rat!
No target in view!
No target in view!
No target in view!
No target in view!
No target in view!
No target in view!
You now have 22 gold pieces (gained 8).
e - a coppery potion You open the door.
There is an open door here.
Found a faded altar of an unknown god.
You open the door.
There is an open door here.
A bat comes into view.
A bat is nearby!
The helpless bat fails to defend itself.
You sock the bat!
You kill the bat!
You have reached level 2!
Your demonic ancestry asserts itself...
A pair of horns grows on your head!
There is an open door here.
There is a faded altar of an unknown god here.
You cannot tell which god this altar belongs to.
Convert to them anyway?
Trog accepts your prayer! Trog welcomes you!
You can now go berserk at will.
You can now call upon Trog for regeneration and willpower.
Are you sure you want to abandon this character and quit the game? (Confirm with "yes".)
Okay, then.
Found an escape hatch in the floor.
Found a robe.
A rat comes into view.
A rat is nearby!
Okay, then.
Are you sure you want to abandon this character and quit the game? (Confirm with "yes".)

#. ##.##.##..... ##.
##>........##. #..
#.#..#..#..##. #..
##<.#.......#. ..###
###...........
...###...#...#..##.
..r#...........##. #.
#[###.#.##.##.###.
#...#@#>#.#.##.##..... #
#.........##+#######
#.#####.#####...##
#.#####.# ##.....##
#.......###.......##
####.#...####.........###
............+.........'..
####.#..#######.......###
#....#######......##


You could see a rat (asleep).

Vanquished Creatures
  A ball python (D:1)
  An endoplasm (D:1)
  4 bats (D:1)
  2 rats (D:1)
8 creatures vanquished.

Notes
Turn   | Place    | Note
-------+----------+-------------------------------------------
     0 | D:1      | Stomo the Demonspawn Monk began the quest for the Orb.
     0 | D:1      | Reached XP level 1. HP: 18/18 MP: 1/1
   244 | D:1      | Found a faded altar of an unknown god.
   268 | D:1      | Gained mutation: You have a pair of small horns on your
                  | head. [demonic ancestry]
   268 | D:1      | Reached XP level 2. HP: 24/24 MP: 2/2
   287 | D:1      | Prayed at the altar of an unknown god.
   287 | D:1      | Became a worshipper of Trog the Wrathful
   287 | D:1      | Reached * piety under Trog
   287 | D:1      | Reached ** piety under Trog
   304 | D:1      | Quit the game

Illustrated notes

Levels and vault maps discovered:
D:1:      onia_arrival_handbag, layout_loops_corners,
          ebering_ecumenical_altar_hall, serial_shops, shop_fountains

Action                   || total
-------------------------++-------
Melee: Mace              ||    17
 Stab: Sleeping          ||     3
Armor: Robe              ||     5
Dodge: Dodged            ||    10
